 Dungeon Crawl Stone Soup version 0.30-b1-5-g8e6c1be481 (console) character file.

Game seed: 3783606714463141447

69 om the Chopper (level 4, -21/40 HPs)
             Began as a Minotaur Berserker on May 3, 2023.
             Was a Believer of Trog.
             Killed by an exploding kobold (40 damage)
             ... ignited by their inner flame
             ... on level 2 of the Dungeon.
             The game lasted 00:02:38 (1215 turns).

om the Chopper (Minotaur Berserker)                 Turns: 1215, Time: 00:02:39

Health: -21/40     AC: 10    Str: 24    XL:     4   Next: 2%
Magic:  3/3        EV: 10    Int:  4    God:    Trog [**....]
Gold:   107        SH:  0    Dex:  9    Spells: 3/3 levels left

rFire   . . .        a - +0 hand axe
rCold   . . .        (no shield)
rNeg    . . .        c - +0 scale mail
rPois   .            (helmet restricted)
rElec   .            (no cloak)
rCorr   .            (no gloves)
SInv    .            (no boots)
Will    .....        (no amulet) Stlth
                     d - +4 ring of protection
HPRegen 0.26/turn    (no ring)
MPRegen 0.08/turn

%: no passive effects
@: no status effects
A: horns 2, retaliatory headbutt
a: Renounce Religion, Berserk, Trog's Hand


You were on level 2 of the Dungeon.
You worshipped Trog.
Trog was pleased with you.
You visited 1 branch of the dungeon, and saw 2 of its levels.

You collected 107 gold pieces.

Inventory:

Hand Weapons
 a - a +0 hand axe (weapon)
Armour
 c - a +0 scale mail (worn)
Jewellery
 d - a +4 ring of protection (left hand)
Potions
 b - a potion of flight {unknown}
 f - a potion of ambrosia {unknown}


   Skills:
 - Level 4.0 Fighting
 * Level 4.7 Axes
 + Level 3.3 Armour
 + Level 3.0 Dodging


You had 3 spell levels left.
You didn't know any spells.
Your spell library was empty.

Dungeon Overview and Level Annotations

Branches:
Dungeon (2/15)

Altars:


Innate Abilities, Weirdness & Mutations

You have a pair of horns on your head.
You reflexively headbutt those who attack you in melee.


Message History

You start resting.
You feel a strong urge to attack something.
You start resting.
You feel your anger nearly subside.
You start resting.
You are no longer berserk.
You are exhausted.
You feel yourself slow down.
You start resting.
You feel yourself speed up.
You start resting.
A kobold comes into view. It is wielding a +0 club.
A kobold is nearby!
As you read the scroll labelled FIVOS BOLO, it crumbles to dust.
The creatures around you are filled with an inner flame!
It was a scroll of immolation.
The kobold shouts!
As you read the scroll labelled GAYSMO PAVY, it crumbles to dust.
The scroll dissolves into smoke.
It was a scroll of fog.
A bat comes into view.
The kobold throws a stone.
The stone hits you but does no damage. The bat barely misses you.
You recover from your berserk rage.
The bat hits you but does no damage. The bat hits you but does no damage.
The bat attacks as you move away!
The bat hits you but does no damage. x2; The bat barely misses you.
The bat attacks as you move away! The bat hits you but does no damage.
The bat closely misses you.
You see here a ball python corpse.
The bat hits you but does no damage. x2
The bat completely misses you. The bat closely misses you.
You furiously retaliate!
You headbutt the bat!
You kill the bat!
Trog accepts your kill. The kobold hits you with a +0 club.
The kobold hits you with a +0 club. The kobold barely misses you.
You furiously retaliate!
You headbutt the kobold! Trog accepts your kill.
The kobold explodes!
The fiery explosion engulfs you!!!
Ouch! That really hurt!
You die...

####### ##.§§§.#######
#..#§#..##...## >.
#.##@##.......## ...
#..###..#†#....#
....###...#..##.##.#.######
......K..###) ###......#...
.....§.§## ## #........##
.......§§#§#..# #...#..#.##
.....§.§§§.b.# ##...#<#.#.
######.§§§§...# #..#.#.....
....#....#.....##.#.##..
####.##..<...#.. #.#.##..
.. K#.##...# ..#.##..


There were no monsters in sight!

Vanquished Creatures
  An iguana (D:2)
  2 dart slugs (D:1)
  4 ball pythons
  3 endoplasms (D:1)
  2 giant cockroaches (D:1)
  5 goblins (D:1)
  2 hobgoblins (D:1)
  4 jackals (D:1)
  4 kobolds
  A quokka (D:1)
  4 bats
  2 frilled lizards (D:1)
  3 rats
37 creatures vanquished.

Notes
Turn   | Place    | Note
-------+----------+-------------------------------------------
     0 | D:1      | om the Minotaur Berserker began the quest for the Orb.
     0 | D:1      | Reached XP level 1. HP: 19/19 MP: 0/0
   133 | D:1      | Reached XP level 2. HP: 25/27 MP: 1/1
   580 | D:1      | Reached XP level 3. HP: 33/33 MP: 2/2
  1120 | D:2      | Reached ** piety under Trog
  1157 | D:2      | Reached XP level 4. HP: 9/40 MP: 3/3
  1215 | D:2      | Killed by an exploding kobold... ignited by their inner
                  | flame

Illustrated notes

Levels and vault maps discovered:
D:1:      lightli_arrival_farm, layout_basic
D:2:      layout_basic, minmay_between

Skill      XL: |  1  2  3 |
---------------+----------+-----
Axes           | 4 |  4.7
Fighting       | 4 |  4.0
Armour         | 3 |  3.3
Dodging        | 3 |  3.0

Action                     |  1- 3 |  4- 6 || total
---------------------------+-------+-------++-------
  Melee: Hand axe          |    83 |       ||    83
         Headbutt          |    13 |       ||    13
         Punch             |     1 |       ||     1
 Invoke: Berserk           |     1 |       ||     1
    Use: Scroll            |       |     2 ||     2
 Armour: Animal skin       |     1 |       ||     1
         Scale mail        |    48 |     8 ||    56
  Dodge: Dodged            |    35 |     6 ||    41
